 Dungeon Crawl Stone Soup version 0.30-a0-377-g5cb311bc9f (webtiles) character file.

Game seed: 2219400826333336018

638 Bnni the Poker (level 7, -4/56 HPs)
             Began as a Formicid Fighter on Nov 29, 2022.
             Was a Follower of Yredelemnul.
             Killed by divine providence
             ... invoked by an orc priest
              (15 damage)
             ... on level 4 of the Dungeon.
             The game lasted 00:04:51 (3050 turns).

Bnni the Poker (Formicid Fighter)                   Turns: 3050, Time: 00:04:51

Health: -4/56      AC: 12    Str: 23    XL:     7   Next: 80%
Magic:  9/9        EV:  6    Int:  7    God:    Yredelemnul [*.....]
Gold:   228        SH:  5    Dex: 13    Spells: 6/6 levels left

rFire   + . .      SeeInvis +    v - +3 trident
rCold   . . .      Faith    .    c - +0 buckler
rNeg    . . .      Spirit   .    t - +0 plate armour
rPois   .          Reflect  .    (helmet unavailable)
rElec   .          Harm     .    (no cloak)
rCorr   .          Rampage  .    (no gloves)
Will    .....                    q - +0 pair of boots
Stlth   ..........               (no amulet)
HPRegen 0.29/turn                s - ring of protection from fire
MPRegen 0.11/turn                (no ring)

@: studying Dodging
A: permanent stasis, dig shafts and tunnels, antennae 3, four strong arms
a: Dig, Shaft Self, Renounce Religion, Recall Undead Harvest


You were on level 4 of the Dungeon.
You worshipped Yredelemnul.
Yredelemnul was noncommittal.
You visited 2 branches of the dungeon, and saw 5 of its levels.
You also visited: Sewer.

You collected 228 gold pieces.

Inventory:

Hand Weapons
 v - a +3 trident (weapon)
Armour
 c - a +0 buckler (worn)
 q - a +0 pair of boots (worn)
 t - a +0 plate armour (worn)
Jewellery
 s - a ring of protection from fire (left hand)
Scrolls
 a - a scroll of blinking {unknown}
 b - a scroll of vulnerability {unknown}
 f - a scroll of teleportation {unknown}
 i - 2 scrolls of magic mapping {unknown}
 k - a scroll of brand weapon {unknown}
 m - 2 scrolls of fear {unknown}
 n - a scroll of amnesia {unknown}
 o - 3 scrolls of identify {unknown}
 p - a scroll of enchant armour {unknown}
 r - a scroll of poison {unknown}
Potions
 d - a potion of mutation {unknown}
 e - a potion of attraction {unknown}
 g - 3 potions of lignification {unknown}
 h - a potion of berserk rage {unknown}
 j - a potion of invisibility {unknown}
 l - 3 potions of flight {unknown}
 u - a potion of curing {unknown}
 w - a potion of degeneration {unknown}


   Skills:
 + Level 5.4 Fighting
 * Level 6.0 Polearms
 - Level 3.2 Armour
 - Level 5.0 Shields
 + Level 3.2 Invocations


You had 6 spell levels left.
You didn't know any spells.
Your spell library was empty.

Dungeon Overview and Level Annotations

Branches:
Dungeon (4/15)             Temple (1/1) D:4           Sewer (visited)

Altars:
Ashenzari
Cheibriados
Dithmenos
Elyvilon
Fedhas
Gozag
Hepliaklqana
Kikubaaqudgha
Okawaru
Qazlal
Sif Muna
Trog
Uskayaw
Xom
Yredelemnul
Zin
The Shining One


Innate Abilities, Weirdness & Mutations

You cannot be hasted, slowed, berserked, paralysed or teleported.
You can dig through walls and to a lower floor.
You have a pair of large antennae on your head. (SInv)
Your four strong arms can wield two-handed weapons with a shield.


Message History

Unknown command.
Reach: v) +3 trident
Press: ? - help, Dir - move target, f - orc priest
Aim: an orc priest, wielding a +0 club (ally target, about 35% to evade your +3 trident)
You could not reach far enough!
Your orc wizard zombie misses the orc priest.
The orc priest hits your orc wizard zombie with a +0 club.
Reach: v) +3 trident
Press: ? - help, Dir - move target, f/p - orc priest
Aim: an orc priest, wielding a +0 club (ally target, about 35% to evade your +3 trident)
You could not reach far enough!
Your orc wizard zombie hits the orc priest but does no damage.
The orc priest barely misses your orc wizard zombie.
Reach: v) +3 trident
Press: ? - help, Dir - move target, f/p - orc priest
Aim: an orc priest, wielding a +0 club (ally target, about 35% to evade your +3 trident)
You reach to attack!
You barely miss the orc priest.
Your orc wizard zombie hits the orc priest but does no damage.
The orc priest closely misses your orc wizard zombie.
Reach: v) +3 trident
Press: ? - help, Dir - move target, f/p - orc priest
Aim: an orc priest, wielding a +0 club (ally target, about 35% to evade your +3 trident)
You could not reach far enough!
The orc priest barely misses your orc wizard zombie.
Your orc wizard zombie hits the orc priest.
Reach: v) +3 trident
Press: ? - help, Dir - move target, f/p - orc priest
Aim: an orc priest, wielding a +0 club (lightly wounded, not watching you, ally target, about 35% to evade your +3 trident)
You could not reach far enough!
The orc priest hits your orc wizard zombie with a +0 club.
Unknown command.
Reach: v) +3 trident
Press: ? - help, Dir - move target, f/p - orc priest
Aim: an orc priest, wielding a +0 club (lightly wounded, ally target, about 35% to evade your +3 trident)
You could not reach far enough!
Your orc wizard zombie hits the orc priest.
The orc priest invokes the aid of Beogh against you.
Beogh smites you!
You die...
Your body rises from the dead as a mindless zombie.

###...######.........####
..)......................
......##########.....##
....#..##..........).#
..####..####..####.###
.##~~####~~##.##...#
.#~~~~~~~~~~..##.###
.##~~####~~#####Z# ##
..#~##~~#### #@# [.
###~#~~~~~~# #Z# .# #
#~#~.~~~~# ##o####.###### #
#~##~~##~# ##Sooo{#......#
###~~####~~###.ooK{.........
##~~~~~~~~~~#...o......o....
###~~####~~##...............
# #### ####........Z.{....:
. ...........SK.....


You could see an orc priest (ally target), 2 orc wizards, an adder, 3 orcs, a
kobold, a friendly hound zombie and a friendly orc wizard zombie.

Vanquished Creatures
  A water moccasin (Sewer)
  A bullfrog (D:4)
  A necrophage (D:4)
  A scorpion (D:4)
  A killer bee (D:4)
  A hound (D:4)
  2 orc priests (D:4)
  Jessica (D:2)
  An orc wizard (D:4)
  6 adders
  A gnoll (D:1)
  3 worms
  3 dart slugs
  6 orcs
  9 ball pythons
  5 endoplasms
  6 giant cockroaches
  8 goblins
  5 hobgoblins
  5 jackals
  5 kobolds
  3 quokkas
  4 bats
  3 frilled lizards
  6 rats
  A bush (D:1)
89 creatures vanquished.

Vanquished Creatures (collateral kills)
  A hobgoblin (D:4)
  A quokka (D:4)
2 creatures vanquished.

Vanquished Creatures (others)
  A scorpion zombie (D:4)
  2 orc zombies (D:4)
  A plant (D:1)
4 creatures vanquished.

Grand Total: 95 creatures vanquished

Notes
Turn   | Place    | Note
-------+----------+-------------------------------------------
     0 | D:1      | Bnni the Formicid Fighter began the quest for the Orb.
     0 | D:1      | Reached XP level 1. HP: 18/18 MP: 1/1
    55 | D:1      | Reached XP level 2. HP: 24/24 MP: 2/2
   431 | D:1      | Reached XP level 3. HP: 24/29 MP: 3/3
  1061 | D:2      | Reached XP level 4. HP: 32/37 MP: 4/4
  1100 | D:2      | Reached skill level 5 in Shields
  1156 | D:2      | Reached skill level 3 in Polearms
  1420 | D:2      | Noticed Jessica
  1424 | D:2      | Killed Jessica
  1633 | D:3      | Found a faded altar of an unknown god.
  1735 | D:3      | Reached XP level 5. HP: 32/42 MP: 5/5
  2113 | D:3      | Reached skill level 4 in Polearms
  2539 | D:4      | Found a staircase to the Ecumenical Temple.
  2550 | Temple   | Entered the Ecumenical Temple
  2553 | Temple   | Became a worshipper of Yredelemnul the Dark
  2621 | D:4      | Noticed a bullfrog
  2629 | D:4      | Reached XP level 6. HP: 46/49 MP: 6/6
  2631 | D:4      | Reached skill level 1 in Invocations
  2638 | D:4      | Reached skill level 5 in Polearms
  2810 | D:4      | Found a glowing drain.
  2813 | D:4      | Reached * piety under Yredelemnul
  2831 | Sewer    | Entered a sewer
  2883 | Sewer    | Noticed a water moccasin
  2890 | Sewer    | Killed a water moccasin
  2891 | Sewer    | Reached skill level 5 in Fighting
  2891 | Sewer    | Reached XP level 7. HP: 56/56 MP: 8/8
  3044 | D:4      | Reached skill level 6 in Polearms
  3050 | D:4      | Killed from afar by an orc priest

Illustrated notes

Levels and vault maps discovered:
D:1:      eino_arrival_tree_alley, layout_loops_ring, serial_forest,
          infiniplex_forest_straight_2, infiniplex_forest_clump_small,
          infiniplex_forest_clump_cross, infiniplex_forest_clump_C,
          infiniplex_forest_straight_2, infiniplex_forest_end_double,
          infiniplex_forest_clump_long, infiniplex_forest_lined_room_2
D:2:      layout_basic, uniq_jessica
D:3:      layout_basic, hellmonk_ecumenical_altar_run_dry, corexii_shack
D:4:      layout_rooms, minmay_temple_entry_proselytizer,
          gup_sewer_entry_bubbles, minmay_manual_moon
Temple:   sentei_temple_godly_chess

Skill      XL: |  1  2  3  4  5  6  7 |
---------------+----------------------+-----
Shields        | 5 |  5.0
Polearms       | 3 4 5 6 |  6.0
Fighting       | 4 5 |  5.4
Invocations    | 2 3 |  3.2
Armour         | |  3.2

Action                   |  1- 3 |  4- 6 |  7- 9 || total
-------------------------+-------+-------+-------++-------
Melee: Trident           |   133 |   179 |    47 ||   359
 Abil: Dig               |     1 |       |       ||     1
  Use: Potion            |       |     1 |       ||     1
Armor: Scale mail        |    19 |    19 |       ||    38
       Plate armour      |       |    57 |    26 ||    83
Dodge: Dodged            |    26 |    43 |     8 ||    77
Block: Buckler           |    11 |    29 |     7 ||    47

Table legend: (Time is in decaauts)
 A = Elapsed time spent in this place.
 B = Non-inter-level travel time spent in this place.
 C = Inter-level travel time spent in this place.
 D = Time resting spent in this place.
 E = Time spent auto-exploring this place.
 F = Levels seen in this place.
 G = Mean time per level.
                   A        B        C        D        E       F      G
               +--------+--------+--------+--------+--------+-----+--------+
         Total |   3136 |   3027 |    109 |      0 |   2194 |   6 |  522.7 |
       Dungeon |   3010 |   2901 |    109 |      0 |   2116 |   4 |  752.5 |
        Temple |      6 |      6 |      0 |      0 |      0 |   1 |    6.0 |
         Sewer |    119 |    119 |      0 |      0 |     77 |   1 |  119.0 |
               +--------+--------+--------+--------+--------+-----+--------+

Top non-repeatable levels by time:
     D:1: 1038 daAuts
     D:3: 924 daAuts
     D:2: 603 daAuts
     D:4: 443 daAuts
   Sewer: 119 daAuts
  Temple: 6 daAuts
